 Dungeon Crawl Stone Soup version 0.29-a0-270-g1586fc07ea (webtiles) character file.

Game seed: 13570585010696020537

71 testman the Grave Robber (level 4, -1/30 HPs)
             Began as a Demonspawn Necromancer on Mar 7, 2022.
             Was a Believer of Vehumet.
             Slain by a water moccasin (2 damage)
             ... on level 3 of the Dungeon.
             The game lasted 00:05:45 (2331 turns).

testman the Grave Robber (Demonspawn Necromancer)   Turns: 2331, Time: 00:05:48

Health: -1/30      AC:  3    Str:  9    XL:     4   Next: 5%
Magic:  8/8        EV: 12    Int: 18    God:    Vehumet [**....]
Gold:   85         SH:  0    Dex: 13    Spells: 4/9 levels left

rFire   . . .      SeeInvis .   d - +0 short sword
rCold   . . .      Faith    .   (no shield)
rNeg    . . .      Spirit   .   a - +0 robe
rPois   .          Reflect  .   (helmet restricted)
rElec   .          Harm     .   l - +0 cloak
rCorr   .          Rampage  .   (no gloves)
Will    .....                   (no boots)
Stlth   +.........              (no amulet)
HPRegen 0.10/turn               (no ring)
MPRegen 0.11/turn               (no ring)

@: confused, mighty, brilliant, lethally poisoned (-1 -> -19), ambrosia-drunk
A: antennae 2, demonic guardian 1
a: Renounce Religion


You were on level 3 of the Dungeon.
You worshipped Vehumet.
Vehumet was pleased with you.
You visited 1 branch of the dungeon, and saw 3 of its levels.

You collected 85 gold pieces.

Inventory:

Hand Weapons
 d - a +0 short sword (weapon)
 m - a +0 hunting sling
Missiles
 c - 77 stones
Armour
 a - a +0 robe (worn)
 l - a +0 cloak (worn)
Scrolls
 e - 4 scrolls of teleportation {unknown}
 f - a scroll of identify {unknown}
 h - a scroll of blinking {unknown}
 i - a scroll of noise {unknown}
 j - a scroll of fog {unknown}
Potions
 b - a potion of magic
 g - a potion of ambrosia


   Skills:
 - Level 1.7 Dodging
 - Level 1.7 Stealth
 + Level 3.0 Spellcasting
 + Level 1.0 Conjurations
 + Level 5.2 Necromancy


You had 4 spell levels left.
You knew the following spells:

 Your Spells              Type           Power      Damage    Failure   Level
a - Pain                  Necr           100%       1d9       1%          1
b - Vampiric Draining     Necr           32%        2d8       5%          3
c - Shock                 Conj/Air       28%        1d4       13%         1

Your spell library contained the following spells:

 Spells                   Type           Power      Damage    Failure   Level
 Sandblast                Erth           8%         2d5       16%         1
 Animate Skeleton         Necr           64%        N/A       1%          1
 Slow                     Hex            16%        N/A       16%         1
 Animate Dead             Necr           16%        N/A       19%         4
 Confusing Touch          Hex            4%         N/A       43%         3
 Agony                    Necr           32%        N/A       45%         5


Dungeon Overview and Level Annotations

Branches:
Dungeon (3/15)

Altars:
Vehumet


Innate Abilities, Weirdness & Mutations

You have a pair of antennae on your head.
A weak demonic guardian rushes to your aid.


Message History

The water moccasin bites you but does no damage.
The bat hits you but does no damage.
You miss the water moccasin. The bat barely misses you.
The water moccasin completely misses you.
The water moccasin attacks as you move away!
The water moccasin bites you.
You are poisoned.
The water moccasin poisons you!
You feel very sick. The bat hits you. The bat closely misses you.
The water moccasin bites you.
You are lethally poisoned!
The water moccasin poisons you!
It was a potion of brilliance.
You feel clever all of a sudden.
You feel very sick. The bat hits you.
The water moccasin bites you but does no damage.
The water moccasin attacks as you move away!
The water moccasin bites you.
* * * LOW HITPOINT WARNING * * *
You feel very sick. The bat hits you but does no damage.
Okay, then.
It was a potion of might.
You feel very mighty all of a sudden.
* * * LOW HITPOINT WARNING * * *
You feel very sick.
You are confused.
You feel invigorated.
* * * LOW HITPOINT WARNING * * *
You feel very sick. The water moccasin closely misses you.
You bump into the rock wall.
* * * LOW HITPOINT WARNING * * *
You feel sick. The water moccasin bites you.
* * * LOW HITPOINT WARNING * * *
A demonic guardian appears!
You are more poisoned.
The water moccasin poisons you! The water moccasin bites you.
You die...

.... ..... ...
....##..# ...
.... .. <..
.####. #.#
......##.#
#..S.#########.
#..#@.5<.......
#.############.
... #.### #


You could see a water moccasin (ally target) and a friendly ufetubus (summoned).

Vanquished Creatures
  Robin (D:2)
  A worm (D:2)
  A dart slug (D:1)
  2 ball pythons (D:1)
  2 bats
  4 endoplasms
  2 giant cockroaches
  11 goblins
  6 hobgoblins
  3 quokkas
  2 frilled lizards
  3 kobolds (D:1)
  5 rats
43 creatures vanquished.

Vanquished Creatures (collateral kills)
  A hobgoblin (D:2)
  5 goblins (D:2)
6 creatures vanquished.

Grand Total: 49 creatures vanquished

Notes
Turn   | Place    | Note
-------+----------+-------------------------------------------
     0 | D:1      | testman the Demonspawn Necromancer began the quest for the
                  | Orb.
     0 | D:1      | Reached XP level 1. HP: 13/13 MP: 3/3
   434 | D:1      | Gained mutation: A weak demonic guardian rushes to your
                  | aid. [demonic ancestry]
   434 | D:1      | Reached XP level 2. HP: 16/19 MP: 3/5
   573 | D:1      | Found a faded altar of an unknown god.
   583 | D:1      | Prayed at the altar of an unknown god.
   583 | D:1      | Became a worshipper of Vehumet
   583 | D:1      | Reached * piety under Vehumet
   583 | D:1      | Offered knowledge of Shock by Vehumet.
  1144 | D:1      | Reached skill level 5 in Necromancy
  1144 | D:1      | Gained mutation: You have a pair of small antennae on your
                  | head. [demonic ancestry]
  1144 | D:1      | Reached XP level 3. HP: 22/24 MP: 7/7
  1181 | D:1      | Learned a level 3 spell: Vampiric Draining
  1183 | D:1      | Learned a level 1 spell: Shock
  1377 | D:2      | Noticed Robin
  1391 | D:2      | Offered knowledge of Sandblast by Vehumet.
  1409 | D:2      | Reached ** piety under Vehumet
  1417 | D:2      | Killed Robin
  1876 | D:2      | Reached skill level 1 in Conjurations
  1942 | D:2      | Gained mutation: You have a pair of antennae on your head.
                  | [demonic ancestry]
  1942 | D:2      | Reached XP level 4. HP: 30/30 MP: 8/8
  2323 | D:3      | Noticed a water moccasin
  2331 | D:3      | HP: 1/30 [water moccasin (4)]
  2331 | D:3      | Slain by a water moccasin

Illustrated notes

Levels and vault maps discovered:
D:1:      dpeg_arrival_tiny_b, layout_basic,
          shapermc_ecumenical_altar_totnotflames
D:2:      layout_basic, uniq_robin
D:3:      layout_rooms, mainiacjoe_overflow_catwalk, uniq_crazy_yiuf_cottage

Skill      XL: |  1  2  3 |
---------------+----------+-----
Necromancy     | 5 |  5.2
Spellcasting   | 3 |  3.0
Conjurations   | 1 |  1.0
Dodging        | |  1.7
Stealth        | |  1.7

Action                   |  1- 3 |  4- 6 || total
-------------------------+-------+-------++-------
Melee: Short sword       |    92 |    11 ||   103
       Unarmed           |     1 |       ||     1
 Cast: Pain              |    17 |     1 ||    18
       Vampiric Draining |     6 |       ||     6
  Use: Potion            |     1 |     3 ||     4
 Stab: Sleeping          |     4 |     2 ||     6
Armor: Robe              |    20 |     5 ||    25
Dodge: Dodged            |    63 |    11 ||    74

Table legend: (Time is in decaauts)
 A = Elapsed time spent in this place.
 B = Non-inter-level travel time spent in this place.
 C = Inter-level travel time spent in this place.
 D = Time resting spent in this place.
 E = Time spent auto-exploring this place.
 F = Levels seen in this place.
 G = Mean time per level.
                   A        B        C        D        E       F      G
               +--------+--------+--------+--------+--------+-----+--------+
         Total |   2340 |   2234 |    106 |    202 |   1677 |   3 |  780.0 |
       Dungeon |   2340 |   2234 |    106 |    202 |   1677 |   3 |  780.0 |
               +--------+--------+--------+--------+--------+-----+--------+

Top non-repeatable levels by time:
     D:1: 1324 daAuts
     D:2: 1004 daAuts
     D:3: 11 daAuts
